Construct Infanterie Kompanie
Selects Luftwaffe Battlegroup
Selects Luftwaffe Pioneer Support
Fallschirmpioneer Squad Paradrop
Fallschirmpioneer Squad Paradrop
Fallschirmpioneer Squad Paradrop
Fallschirmpioneer Squad Paradrop
Construct Luftwaffe Kompanie
Marder III M Tank Destroyer
Selects LG40 Recoilless Gun Paradrop
Selects Infantry Reserves
Construct Panzergrenadier Kompanie
Nebelwerfer 42 Rocket Launcher Team
Selects Stuka Strafing Run
Selects Fallschirmjäger Squad Paradrop
Nebelwerfer 42 Rocket Launcher Team
Luftwaffe Officer Quarters
Marder III M Tank Destroyer
Construct Panzer Kompanie
Nebelwerfer 42 Rocket Launcher Team
Nebelwerfer 42 Rocket Launcher Team